 Dungeon Crawl Stone Soup version 0.20.1-1-g8b1a95d (webtiles) character file.

576 FreshCat the Covert (level 7, -2/45 HPs)
             Began as an Octopode Assassin on July 10, 2017.
             Was an Initiate of Cheibriados.
             Slain by an orc wizard
             ... wielding a cursed +0 dagger
              (4 damage)
             ... on level 4 of the Dungeon.
             The game lasted 00:49:53 (4202 turns).

FreshCat the Covert (Octopode Assassin)             Turns: 4202, Time: 00:49:53

Health: -2/45      AC:  1    Str: 12 (14) XL:     7   Next: 35%
Magic:  7/7        EV: 12    Int: 12 (14) God:    Cheibriados [......]
Gold:   167        SH:  4    Dex: 13 (14) Spells: 6/6 levels left

rFire    . . .     SeeInvis .   w - +1 falchion (slice)
rCold    . . .     Gourm    .   i - +1 buckler
rNeg     . . .     Faith    .   (helmet restricted)
rPois    .         Spirit   .   (no amulet)
rElec    .         Reflect  .   j - ring of wizardry
rCorr    .         Harm     .   (no ring)
MR       .....                  (no ring)
Stlth    +++++.....             (no ring)
Regen    0.2/turn               (no ring)
MPRegen  0.1/turn               (no ring)
                                (no ring)
                                (no ring)

@: very slow
A: almost no armour, stealthy swim, amphibious, 8 rings, constrict 8, camouflage
1, gelatinous body 1
a: Bend Time, Renounce Religion


You were on level 4 of the Dungeon.
You worshipped Cheibriados.
Cheibriados was noncommittal.
You were not hungry.

You visited 1 branch of the dungeon, and saw 4 of its levels.

You collected 167 gold pieces.

Inventory:

Hand Weapons
 a - a +2 dagger
 b - a +0 blowgun
 p - a +0 falchion
 w - a +1 falchion of slicing (weapon)
 y - a +0 hunting sling
Missiles
 c - 24 poisoned needles (quivered)
 h - 43 sling bullets
 k - 127 stones
 m - 55 arrows
 q - 15 bolts
Armour
 i - a +1 buckler (worn)
Jewellery
 j - a ring of wizardry (left tentacle)
Scrolls
 f - 2 scrolls of remove curse
 n - a scroll of recharging
 o - a scroll of magic mapping
 u - a scroll of identify
Potions
 g - a potion of brilliance
Books
 x - a book of Misfortune

   Spells                             Type                      Level
   a - Confusing Touch                Hexes                        1
   b - Confuse                        Hexes                        3
   c - Gell's Gravitas                Translocation                3
   d - Petrify                        Transmutation/Earth          4
   e - Metabolic Englaciation         Hexes/Ice                    5
   f - Yara's Violent Unravelling     Hexes/Transmutation          5
Comestibles
 t - 3 fruits
 v - a bread ration


   Skills:
 + Level 2.8 Fighting
 + Level 3.2(3.7) Short Blades
 + Level 2.7(3.5) Long Blades
 + Level 2.6 Throwing
 + Level 1.7 Dodging
 + Level 9.6 Stealth
 + Level 0.4 Shields


You had 6 spell levels left.
You didn't know any spells.

Dungeon Overview and Level Annotations

Branches:
Dungeon (4/15)
 Temple: D:4-7

Altars:
Cheibriados
Kikubaaqudgha
The Shining One

Shops:
D:4 (


Innate Abilities, Weirdness & Mutations

You cannot wear most types of armour.
You are very stealthy in the water. (Stealth+)
You are amphibious.
You can wear up to eight rings at the same time.
You can use your tentacles to constrict eight enemies at once.
Your skin changes colour to match your surroundings (Stealth+).
Your rubbery body absorbs attacks. (AC +1, EV +1)


Message History

Okay, then.
Tossing away (i - inventory. (,) - cycle):
c - 26 poisoned needles (quivered)
Press: ? - help, Shift-Dir - straight line
Okay, then.
Okay, then.
Tossing away (i - inventory. (,) - cycle):
c - 26 poisoned needles (quivered)
Press: ? - help, Shift-Dir - straight line You toss away a poisoned needle.
Something hits you.
* * * LOW HITPOINT WARNING * * *
Tossing away (i - inventory. (,) - cycle):
c - 25 poisoned needles (quivered)
Press: ? - help, Shift-Dir - straight line You toss away a poisoned needle.
Something hits you.
* * * LOW HITPOINT WARNING * * *
Something hits you.
* * * LOW HITPOINT WARNING * * *
You closely miss something. Something hits you but does no damage.
You hit something. Your squeeze misses something. Something hits you.
* * * LOW HITPOINT WARNING * * *
You barely miss something. Something hits you.
You die...

######## #################......#
... .......#...#.....{.....# .(.
...........#....@.....(# ..(.
...........#.....(.....######(...
...........#.....###'#))...((....
...........#.....#...#...........
...........#.....#...#.......(...
#####.###..#.....#####...........
..###.###..##.......###########'#
..#....#....#..........
..#....#...............


There were no monsters in sight!

Vanquished Creatures
  2 ogres (D:4)
  A big kobold (D:3)
  A bullfrog skeleton (D:4)
  An iguana (D:4)
  4 worker ants
  An orc wizard (D:4)
  7 adders
  An ooze (D:1)
  3 worms
  A dart slug (D:3)
  2 leopard geckos
  14 orcs
  6 giant cockroaches
  8 goblins
  7 hobgoblins
  3 jackals
  2 quokkas
  7 bats
  4 frilled lizards
  A jackal skeleton (D:4)
  7 kobolds
  10 rats
93 creatures vanquished.

Notes
Turn   | Place    | Note
-------+----------+-------------------------------------------
     0 | D:1      | FreshCat the Octopode Assassin began the quest for the Orb.
     0 | D:1      | Reached XP level 1. HP: 14/14 MP: 1/1
   128 | D:1      | Reached XP level 2. HP: 15/19 MP: 2/2
   356 | D:1      | Reached skill level 6 in Stealth
   828 | D:1      | Reached XP level 3. HP: 24/24 MP: 3/3
  1217 | D:2      | Reached XP level 4. HP: 28/29 MP: 4/4
  1362 | D:2      | Reached skill level 7 in Stealth
  1930 | D:3      | Reached XP level 5. HP: 34/34 MP: 5/5
  2492 | D:3      | Reached skill level 8 in Stealth
  2573 | D:3      | Noticed a big kobold
  2585 | D:3      | Killed a big kobold
  2585 | D:3      | Reached skill level 1 in Long Blades
  2585 | D:3      | Reached XP level 6. HP: 29/41 MP: 6/6
  2971 | D:4      | Found an ancient bone altar of Kikubaaqudgha.
  3030 | D:4      | Found a glowing golden altar of the Shining One.
  3034 | D:4      | Found a snail-covered altar of Cheibriados.
  3043 | D:4      | Became a worshipper of Cheibriados the Contemplative
  3194 | D:4      | Reached skill level 9 in Stealth
  3507 | D:4      | Reached XP level 7. HP: 36/45 MP: 7/7
  4018 | D:4      | Found Eson's Weapon Boutique.
  4201 | D:4      | HP: 2/45 [something (2)]
  4202 | D:4      | Slain by an orc wizard

Skill      XL: |  1  2  3  4  5  6 |
---------------+-------------------+-----
Stealth        | 6 7 8 9 |  9.6
Short Blades   | 3 |  3.2
Long Blades    | 1 2 |  2.7
Fighting       | |  2.8
Throwing       | |  2.6
Dodging        | |  1.7
Shields        | |  0.4

Action                   |  1- 3 |  4- 6 |  7- 9 || total
-------------------------+-------+-------+-------++-------
Melee: Dagger            |    68 |    38 |       ||   106
       Constrict         |    15 |    28 |     7 ||    50
       Tentacles         |     5 |    19 |     4 ||    28
       Falchion          |       |    39 |    26 ||    65
Throw: Stone             |       |    33 |    52 ||    85
Invok: Bend Time         |       |       |     1 ||     1
  Use: Scroll            |     2 |     5 |     1 ||     8
       Potion            |       |       |     3 ||     3
 Stab: Sleeping          |    17 |    20 |     1 ||    38
  Eat: Bread ration      |     1 |       |       ||     1
       Fruit             |       |     1 |       ||     1
       Meat ration       |       |     1 |       ||     1
       Royal jelly       |       |     1 |       ||     1
Armor: Skin              |     2 |     4 |     2 ||     8
Dodge: Dodged            |    22 |    30 |    11 ||    63
Block: Buckler           |     8 |     6 |     3 ||    17
       Rpst.: Falchion   |       |     7 |     2 ||     9
